 Dungeon Crawl Stone Soup version 0.31.0-11-ge490571c62 (webtiles) character file.

Game seed: 14011999501317281005

7 browni3141 the Conjurer (level 1, -1/13 HPs)
             Began as a Demonspawn Conjurer on Jan 30, 2024.
             Slain by a jackal (3 damage)
             ... on level 1 of the Dungeon.
             The game lasted 00:00:19 (279 turns).

browni3141 the Conjurer (Demonspawn Conjurer)        Turns: 279, Time: 00:00:20

Health: -1/13      AC:  2    Str:  7    XL:     1   Next: 83%
Magic:  0/3        EV: 12    Int: 18    God:
Gold:   18         SH:  0    Dex: 11    Spells: 3/4 levels left

rFire   . . .        d - +0 dagger
rCold   . . .        (no shield)
rNeg    . . .        a - +0 robe
rPois   .            (no helmet)
rElec   .            (no cloak)
rCorr   .            (no gloves)
SInv    .            (no boots)
Will    .....        (no amulet)
Stlth   ++           (no ring)
HPRegen 0.22/turn    (no ring)
MPRegen 0.08/turn

%: no passive effects
@: no status effects
A: no striking features
a: no special abilities


You were on level 1 of the Dungeon.
You visited 1 branch of the dungeon, and saw 1 of its levels.

You collected 18 gold pieces.

Inventory:

Hand Weapons
 d - a +0 dagger (weapon)
Armour
 a - a +0 robe (worn)
Scrolls
 c - a scroll of identify {unknown}
Potions
 b - a potion of magic


   Skills:
 + Level 1.9 Dodging
 + Level 2.0 Stealth
 + Level 2.1 Spellcasting
 + Level 4.1 Conjurations


You had 3 spell levels left.
You knew the following spells:

 Your Spells              Type           Power      Damage    Failure   Level
a - Magic Dart            Conj           64%        1d6       3%          1

Your spell library contained the following spells:

 Spells                   Type           Power      Damage    Failure   Level
 Searing Ray              Conj           32%        2d5       4%          2
 Fulminant Prism          Conj/Alch      4%         3d5       58%         4
 Iskenderun's Mystic Bla  Conj/Tloc      9%         2d4       58%         4


Dungeon Overview and Level Annotations

Branches:
Dungeon (1/15)

Altars:


Message History

The endoplasm barely misses you.
The endoplasm attacks as it pursues you!
The endoplasm misses you.
Your magical contamination has completely faded away.
You see here a +0 dagger.
d - a +0 dagger (weapon)
You hit the endoplasm.
The endoplasm is severely wounded.
The endoplasm hits you.
You hit the endoplasm.
You kill the endoplasm!
No target in view!
HP restored.
A rat comes into view.
A rat is nearby!
A rat is nearby!
The magic dart hits the rat.
You kill the rat!
You can't see any susceptible monsters within range! (Use Z to cast anyway.)
You can't see any susceptible monsters within range! (Use Z to cast anyway.)
A jackal comes into view.
A jackal is nearby!
A jackal is nearby!
The magic dart hits the jackal.
The jackal is heavily wounded.
The jackal barks!
The magic dart hits the jackal but does no damage.
The jackal is moderately wounded.
A jackal comes into view. x2
The magic dart hits the jackal but does no damage.
The jackal is moderately wounded.
The jackal barks! x2; You hear a bark!
The jackal bites you but does no damage.
The jackal closely misses you. The jackal bites you.
The jackal attacks as it pursues you!
The jackal bites you but does no damage.
The jackal barely misses you. The jackal attacks as it pursues you!
The jackal barely misses you. The jackal closely misses you.
The jackal attacks as it pursues you! The jackal barely misses you.
The magic dart hits the jackal.
The jackal is almost dead.
The jackal bites you.
You hit the jackal but do no damage.
The jackal bites you but does no damage.
You hit the jackal but do no damage. You punch the jackal, but do no damage.
The jackal closely misses you.
You hit the jackal but do no damage.
The jackal bites you but does no damage.
The jackal misses you.
You hit the jackal but do no damage. The jackal closely misses you.
You completely miss the jackal. The jackal barely misses you.
The jackal bites you.
You barely miss the jackal.
The jackal bites you but does no damage.
You barely miss the jackal. The jackal misses you.
You closely miss the jackal. The jackal bites you.
The jackal bites you but does no damage.
The magic dart hits the jackal.
The jackal is moderately wounded.
The jackal bites you.
You hit the jackal.
The jackal is severely wounded.
The jackal bites you. The jackal closely misses you.
You closely miss the jackal.
The jackal is severely wounded.
The jackal bites you.
You closely miss the jackal.
The jackal is severely wounded.
The jackal closely misses you.
You hit the jackal.
You kill the jackal!
Your Stealth skill increases to level 2!
You closely miss the jackal. The jackal closely misses you.
The jackal barely misses you.
You closely miss the jackal. The jackal barely misses you.
You barely miss the jackal. The jackal barely misses you.
You hit the jackal but do no damage. The jackal misses you.
The jackal closely misses you.
The magic dart hits the jackal.
The jackal is moderately wounded.
The jackal bites you but does no damage.
You hit the jackal.
The jackal is severely wounded.
The jackal closely misses you.
The jackal bites you but does no damage.
You barely miss the jackal.
The jackal is severely wounded.
The jackal closely misses you.
You closely miss the jackal.
The jackal is severely wounded.
The jackal bites you.
You closely miss the jackal.
The jackal is severely wounded.
The jackal bites you. The jackal barely misses you.
You barely miss the jackal.
The jackal is severely wounded.
The jackal bites you.
You die...

............
..........#
####........#####.#
.........##.......#
...##.......#.#####
...#....hh..+...##
............###.h#
.#.##.......# ##h#
...##.......# #@###
.####.......# #...#
. ######### ###.# .
#########.# .
#####§≈≈§§≈≈≈.# .#.
#....§.§....#.#
#.###.≈≈≈≈§######.#
#.#...≈...........#
#.#§§≈≈.###########


You could see 2 jackals.

Vanquished Creatures
  An endoplasm (D:1)
  A hobgoblin (D:1)
  A jackal (D:1)
  A kobold (D:1)
  A frilled lizard (D:1)
  A rat (D:1)
6 creatures vanquished.

Notes
Turn   | Place    | Note
-------+----------+-------------------------------------------
     0 | D:1      | browni3141 the Demonspawn Conjurer began the quest for the
                  | Orb.
     0 | D:1      | Reached XP level 1. HP: 13/13 MP: 3/3
   279 | D:1      | Slain by a jackal

Illustrated notes

Levels and vault maps discovered:
D:1:      psy_arrival_radial02, layout_basic

Skill      XL: |  1 |
---------------+----+-----
Stealth        | 2 |  2.0
Dodging        | |  1.9
Spellcasting   | |  2.1
Conjurations   | |  4.1

Action                     || total
---------------------------++-------
  Melee: Dagger            ||    23
         Punch             ||     1
   Cast: Magic Dart        ||    13
 Armour: Robe              ||    19
  Dodge: Dodged            ||    23
